 Dungeon Crawl Stone Soup version 0.28.0-47-ge53b351184 (webtiles) character file.

Game seed: 12516778627807175124

4 Peloso the Shield-Bearer (level 1, -1/20 HPs)
             Began as a Minotaur Fighter on May 7, 2022.
             Slain by a gnoll
             ... wielding a +0 club
              (7 damage)
             ... on level 1 of the Dungeon.
             The game lasted 00:00:09 (81 turns).

Peloso the Shield-Bearer (Minotaur Fighter)           Turns: 81, Time: 00:00:10

Health: -1/20      AC:  7    Str: 20    XL:     1   Next: 58%
Magic:  0/0        EV:  9    Int:  5    God:
Gold:   25         SH:  4    Dex:  9    Spells: 0/0 levels left

rFire   . . .      SeeInvis .   a - +0 long sword
rCold   . . .      Faith    .   c - +0 buckler
rNeg    . . .      Spirit   .   b - +0 scale mail
rPois   .          Reflect  .   (helmet restricted)
rElec   .          Harm     .   (no cloak)
rCorr   .          Rampage  .   (no gloves)
Will    .....                   (no boots)
Stlth   ..........              (no amulet)
HPRegen 0.06/turn               (no ring)
MPRegen 0.07/turn               (no ring)

@: no status effects
A: horns 2, retaliatory headbutt
a: no special abilities


You were on level 1 of the Dungeon.
You visited 1 branch of the dungeon, and saw 1 of its levels.

You collected 25 gold pieces.

Inventory:

Hand Weapons
 a - a +0 long sword (weapon)
Armour
 b - a +0 scale mail (worn)
 c - a +0 buckler (worn)
Potions
 d - a potion of might
 e - a potion of flight {unknown}


   Skills:
 + Level 3.7 Fighting
 + Level 2.4 Long Blades
 + Level 3.7 Armour
 + Level 3.8 Shields


You couldn't memorise any spells.
You didn't know any spells.
Your spell library was empty.

Dungeon Overview and Level Annotations

Branches:
Dungeon (1/15)

Altars:


Innate Abilities, Weirdness & Mutations

You have a pair of horns on your head.
You reflexively headbutt those who attack you in melee.


Message History

You kill the goblin!
You see here a +0 club.
You now have 15 gold pieces (gained 10).
You now have 25 gold pieces (gained 10).
A ball python and a gnoll come into view.
The ball python hisses angrily.
There are monsters nearby!
There are monsters nearby!
There are monsters nearby!
You hit the ball python.
The ball python is moderately wounded.
The ball python bites you but does no damage.
The ball python barely misses you. The ball python completely misses you.
The ball python barely misses you.
You slash the ball python!
You kill the ball python!
The gnoll hits you with a +0 club.
Found a stone staircase leading down.
The gnoll hits you with a +0 club.
A hobgoblin and an endoplasm come into view.
The hobgoblin shouts!
The endoplasm quivers.
The gnoll hits you with a +0 club.
You barely miss the gnoll. The gnoll hits you but does no damage.
The gnoll hits you with a +0 club.
You hit the gnoll.
The gnoll is moderately wounded.
The gnoll barely misses you.
You closely miss the gnoll.
The gnoll is moderately wounded.
You block the gnoll's attack.
You hit the gnoll.
The gnoll is heavily wounded.
The gnoll hits you with a +0 club.
* * * LOW HITPOINT WARNING * * *
A goblin comes into view. It is wielding a +0 dagger of venom.
You barely miss the gnoll.
The gnoll is heavily wounded.
The goblin shouts!
The gnoll hits you with a +0 club!
You die...

#.......................
#.......................
.#.......................
...............########..
#>.............+.....^...
#..............########.)
#.......................†
.....$..g................
#......g@.......#####..#.
.g....#J......### #....
............###.+ #....
..........#####.# #....
......#..####...# #.##.
.....#..##.#..#'#####....
.....#.####..##..#.......
### .. #.....#..'.......
##..#.#..#....##.


You could see a gnoll, an endoplasm, a hobgoblin and a goblin.

Vanquished Creatures
  A goblin (D:1)
  2 ball pythons (D:1)
  2 bats (D:1)
5 creatures vanquished.

Notes
Turn   | Place    | Note
-------+----------+-------------------------------------------
     0 | D:1      | Peloso the Minotaur Fighter began the quest for the Orb.
     0 | D:1      | Reached XP level 1. HP: 19/19 MP: 0/0
    81 | D:1      | Slain by a gnoll

Illustrated notes

Levels and vault maps discovered:
D:1:      arrival_zaba_pyramid, layout_basic

Action                   || total
-------------------------++-------
Melee: Long sword        ||    12
       Headbutt          ||     1
Armor: Scale mail        ||     4
Dodge: Dodged            ||     5
Block: Buckler           ||     1
